 Dungeon Crawl Stone Soup version 0.23.1 (webtiles) character file.

Game seed: 17570107610573471416

1293 Borgoz the Cutter (level 8, -2/68 HPs)
             Began as a Ghoul Monk on Mar 15, 2019.
             Was a Believer of Ashenzari.
             Slain by Crazy Yiuf
             ... wielding a +4 quarterstaff of chaos
              (10 damage)
             ... on level 6 of the Dungeon.
             The game lasted 00:08:52 (5022 turns).

Borgoz the Cutter (Ghoul Monk)                      Turns: 5022, Time: 00:08:53

Health: -2/68      AC:  3    Str: 15    XL:     8   Next: 56%
Magic:  4/7        EV: 20    Int:  8    God:    Ashenzari [**....]
Gold:   274        SH:  0    Dex: 18    Spells: 7/7 levels left

rFire    . . .     SeeInvis .   a - +2 rapier (elec)
rCold    + . .     Gourm    .   (no shield)
rNeg     + + +     Faith    .   k - +1 robe
rPois    ∞         Spirit   .   (no helmet)
rElec    .         Reflect  .   (no cloak)
rCorr    .         Harm     .   (no gloves)
MR       .....                  (no boots)
Stlth    ++++......             (no amulet)
HPRegen  0.00/turn              l - +3 ring of intelligence
MPRegen  0.10/turn              (no ring)

@: agile, rotting
A: rotting body, claws 1, carnivore, cold resistance 1, negative energy
resistance 3, inhibited regeneration, torment resistance, unbreathing
a: Curse Item, Scrying, Renounce Religion


You were on level 6 of the Dungeon.
You worshipped Ashenzari.
Ashenzari was pleased with you.
You were not hungry.

You visited 2 branches of the dungeon, and saw 7 of its levels.

You collected 274 gold pieces.

Inventory:

Hand Weapons
 a - a +2 rapier of electrocution (weapon)
 b - a +2 dagger of venom
Missiles
 n - 15 tomahawks (quivered)
Armour
 k - a +1 robe (worn)
Jewellery
 l - a +3 ring of intelligence (left claw)
Scrolls
 d - 4 scrolls of remove curse
 e - a scroll of fear
 g - 3 scrolls of amnesia
 i - 5 scrolls of teleportation
 o - a scroll of blinking
Potions
 f - 3 potions of curing
 h - a potion of magic
 j - a potion of agility
 q - a potion of brilliance
Comestibles
 c - 8 rations


   Skills:
 + Level 5.0 Fighting
 * Level 5.5 Short Blades
 + Level 1.1 Throwing
 * Level 4.6 Armour
 * Level 4.5 Dodging
 + Level 4.8 Stealth


You had 7 spell levels left.
You didn't know any spells.
Your spell library contained the following spells:

 Spells                   Type           Power        Failure   Level  Hunger
 Magic Dart               Conj           #...         41%         1    ##.....
 Blink                    Tloc           N/A          54%         2    ###....
 Call Imp                 Summ           #.......     54%         2    ###....
 Slow                     Hex            #.......     54%         2    ###....
 Conjure Flame            Conj/Fire      #.......     78%         3    ####...
 Mephitic Cloud           Conj/Pois/Air  #.......     78%         3    ####...


Dungeon Overview and Level Annotations

Branches:
Dungeon (6/15)             Temple (1/1) D:4

Altars:
Ashenzari
Cheibriados
Dithmenos
Elyvilon
Fedhas
Gozag
Hepliaklqana
Kikubaaqudgha
Makhleb
Nemelex Xobeh
Okawaru
Qazlal
Ru
Sif Muna
Trog
Vehumet
Wu Jian
Xom
Yredelemnul
Zin
The Shining One

Shops:
D:6 :

Annotations:
D:3 2 runed translucent doors, Sjerrul's ghost, amateur MiFi
D:6 Crazy Yiuf


Innate Abilities, Weirdness & Mutations

Your body is rotting away.
You thrive on raw meat.
You are immune to poison.
You have sharp fingernails.
You are carnivorous and can eat meat at any time.
Your flesh is cold resistant. (rC+)
You are immune to negative energy. (rN+++)
You do not regenerate when monsters are visible.
You are immune to unholy pain and torment.
You can survive without breathing.


Message History

Crazy Yiuf hits you with a +4 quarterstaff of chaos.
You are electrocuted!
You puncture Crazy Yiuf!
Crazy Yiuf is heavily wounded.
Crazy Yiuf hits you with a +4 quarterstaff of chaos!
Space warps horribly around you!!
* * * LOW HITPOINT WARNING * * *
You are too injured to fight recklessly!
It was a potion of curing.
You feel better.
Crazy Yiuf hits you with a +4 quarterstaff of chaos.
* * * LOW HITPOINT WARNING * * *
You feel your power leaking away.
It was a potion of berserk rage.
You cannot raise a blood rage in your lifeless body.
Crazy Yiuf barely misses you.
It was a potion of agility.
You feel agile all of a sudden.
Crazy Yiuf screams, "Whiteboard!"
Crazy Yiuf hits you with a +4 quarterstaff of chaos!
You die...

#.####....###
####.##.......# ##
#.............# #.
###############
###. #... ###♣♣♣♣♣
#.#.
##.#..♣.♣♣♣#####
#.#.
##......♣..♣#...#
#.##
#......♣♣♣♣.'.@.#
#.# #...#.♣♣
♣♣#g.)# #.# #..##♣♣
##### #.## ##.#
#..# #.# ##.# #.#
##### #.# #.#
#.#.#############.#
#.#
#.#................
#.#
#.##############..#


You could see Crazy Yiuf.

Vanquished Creatures
  A phantom (D:4)
  4 ogres
  Blork the orc (D:4)
  4 bullfrogs (D:6)
  A wyvern skeleton (D:4)
  4 hounds
  A centaur skeleton (D:6)
  2 orc wizards
  A jelly (D:6)
  3 worker ants
  2 hound skeletons (D:3)
  A howler monkey zombie (D:5)
  3 adders
  2 oozes
  An adder skeleton (D:6)
  An adder zombie (D:6)
  A worm (D:3)
  2 dart slugs
  5 leopard geckos
  11 orcs
  2 ball pythons
  4 bats
  6 giant cockroaches
  9 goblins
  7 hobgoblins
  10 jackals
  7 kobolds
  3 quokkas
  6 frilled lizards
  2 quokka skeletons (D:4)
  3 rats
110 creatures vanquished.

Notes
Turn   | Place    | Note
-------+----------+-------------------------------------------
     0 | D:1      | Borgoz the Ghoul Monk began the quest for the Orb.
     0 | D:1      | Reached XP level 1. HP: 19/19 MP: 0/0
   171 | D:1      | Reached XP level 2. HP: 14/26 MP: 1/1
   485 | D:1      | Reached skill level 1 in Armour
   540 | D:1      | Reached XP level 3. HP: 25/31 MP: 2/2
  1009 | D:2      | Reached XP level 4. HP: 34/38 MP: 3/3
  1392 | D:3      | Found a runed translucent door.
  1396 | D:3      | Noticed Sjerrul's ghost (amateur MiFi)
  1446 | D:3      | Reached XP level 5. HP: 44/46 MP: 4/4
  1478 | D:3      | Found a runed translucent door.
  1646 | D:4      | Noticed Blork the orc
  1664 | D:4      | Killed Blork the orc
  1751 | D:4      | Reached XP level 6. HP: 27/52 MP: 5/5
  1904 | D:4      | Found a staircase to the Ecumenical Temple.
  1992 | Temple   | Entered the Ecumenical Temple
  2097 | Temple   | Became a worshipper of Ashenzari the Shackled
  2097 | Temple   | Reached * piety under Ashenzari
  2097 | Temple   | Reached ** piety under Ashenzari
  2264 | D:4      | Noticed a phantom
  2708 | D:4      | Reached XP level 7. HP: 39/59 MP: 6/6
  3299 | D:5      | Entered Level 5 of the Dungeon
  3440 | D:5      | Found a sacrificial altar of Ru.
  3938 | D:6      | Found a shimmering altar of Xom.
  3938 | D:6      | Found a shimmering altar of Xom.
  3940 | D:6      | Found a shimmering altar of Xom.
  3940 | D:6      | Found a shimmering altar of Xom.
  3940 | D:6      | Found a shimmering altar of Xom.
  3940 | D:6      | Found a shimmering altar of Xom.
  3954 | D:6      | Found a shimmering altar of Xom.
  3964 | D:6      | Reached skill level 5 in Short Blades
  3964 | D:6      | Reached XP level 8. HP: 47/67 MP: 7/7
  4099 | D:6      | Found Ydiatey's Book Boutique.
  4286 | D:6      | Reached skill level 5 in Fighting
  4313 | D:6      | Reached skill level 1 in Throwing
  4684 | D:6      | Found a runed translucent door.
  4685 | D:6      | Noticed Crazy Yiuf
  5022 | D:6      | Slain by Crazy Yiuf

Skill      XL: |  1  2  3  4  5  6  7  8 |
---------------+-------------------------+-----
Short Blades   | 3 4 5 |  5.5
Armour         | 1 2 3 4 |  4.6
Dodging        | 3 4 |  4.5
Stealth        | 3 4 |  4.8
Fighting       | 4 5 |  5.0
Throwing       | 1 |  1.1

Action                   |  1- 3 |  4- 6 |  7- 9 || total
-------------------------+-------+-------+-------++-------
Melee: Short sword       |    62 |       |       ||    62
       Dagger            |    34 |   161 |       ||   195
       Rapier            |       |     3 |   144 ||   147
  Use: Scroll            |       |    11 |     2 ||    13
       Potion            |       |     1 |     3 ||     4
 Stab: Sleeping          |     7 |     4 |     2 ||    13
       Distracted        |       |       |     1 ||     1
  Eat: Chunk             |     9 |    14 |    10 ||    33
Armor: Robe              |    16 |    16 |    12 ||    44
Dodge: Dodged            |    69 |    85 |    91 ||   245
